 Dungeon Crawl Stone Soup version 0.15-a0-225-ga4013df (webtiles) character file.

2953 PolkaDot the Carver (level 9, -11/61 HPs)
             Began as a Vampire Death Knight on Apr 25, 2014.
             Was an Elder of Yredelemnul.
             Killed by divine providence
             ... invoked by an orc priest
              (17 damage)
             ... on Level 9 of the Dungeon.
             The game lasted 00:42:32 (9598 turns).

PolkaDot the Carver (Vampire Death Knight)          Turns: 9598, Time: 00:42:32

HP -11/61        AC  9     Str 12      XL: 9   Next: 35%
MP  11/12        EV 16     Int 13      God: Yredelemnul [****..]
Gold 324         SH  7     Dex 16      Spells:  0 memorised,  8 levels left

rFire  + . .     SeeInvis +     a - +3,+2 falchion
rCold  . . .     Clarity  .     s - +3 leather armour {rF+}
rNeg   + . .     Conserve .     k - +0 buckler
rPois  .         rCorr    .     (no helmet)
rElec  .         rRot     .     o - +2 cloak (curse)
SustAb . .       Spirit   .     (no gloves)
rMut   .         Warding  .     (no boots)
Saprov . . .     Stasis   .     (no amulet)
MR     .....                    (no ring)
                                (no ring)

@: lethally poisoned, not resistant to hostile enchantments, unstealthy
A: bottle blood, fangs 3, see invisible, unbreathing
a: Bat Form, Bottle Blood, Animate Dead, Recall Undead Slaves, Injury Mirror,
Drain Life, Renounce Religion


You were on level 9 of the Dungeon.
You worshipped Yredelemnul.
Yredelemnul was greatly pleased with you.
You were not thirsty.

You visited 1 branch of the dungeon, and saw 9 of its levels.

You collected 324 gold pieces.

Inventory:

Hand weapons
 a - a +3,+2 falchion (weapon)
Armour
 k - a +0 buckler (worn)
 o - a cursed +2 cloak (worn)
 s - a +3 leather armour of fire resistance (worn)
Magical devices
 l - a wand of disintegration (0)
 q - a wand of slowing (10)
 t - a wand of frost (11)
Scrolls
 b - 2 scrolls of identify
 c - a scroll of immolation {unknown}
 d - 2 scrolls of blinking
 e - 3 scrolls of magic mapping
 f - 2 scrolls of amnesia
 g - a scroll of enchant weapon II
 h - a scroll of remove curse
 i - a scroll of fog {unknown}
 m - a scroll of teleportation
 n - a scroll of recharging {unknown}
 p - a scroll of fear {unknown}
Potions
 j - a potion of restore abilities
Books
 r - a book of Burglary

   Spells                             Type                      Level
   Swiftness                          Charms/Air                   2
   Passwall                           Transmutation/Earth          3
   Passage of Golubria                Translocation                4
   Lee's Rapid Deconstruction         Earth                        5
   Invisibility                       Hexes                        6
   Darkness                           Hexes                        7


   Skills:
 - Level 1.7 Fighting
 - Level 10.0 Long Blades
 - Level 0.7 Armour
 + Level 9.1 Dodging
 - Level 2.4 Invocations


You had 8 spell levels left.
You didn't know any spells.

Dungeon Overview and Level Annotations

Branches:
Dungeon (9/15)             Temple (0/1) D:4
    Orc: D:9-12        Lair: D:8-11

Altars:
Cheibriados
Okawaru
Sif Muna
Trog
Vehumet

Annotations:
D:4 Edmund
D:9 Erolcha


Innate Abilities, Weirdness & Mutations

You can bottle blood from corpses.
You have razor-sharp teeth.*
You have supernaturally acute eyesight.
You can survive without breathing.*


Message History

The orc wizard curses repeatedly.
The tomahawk hits your kobold zombie.
Your kobold zombie is destroyed!
The orc hits you with a hand axe.
* * * LOW HITPOINT WARNING * * *
You hear a grinding noise.
The orc wizard points at you and mumbles some strange words.
The magic dart hits you!
The orc priest glows brightly for a moment.
Your surroundings suddenly seem different.
Erolcha shouts!
Erolcha casts a spell at you. You resist.
You hear a grinding noise.
You feel sick.
The orc priest shouts!
The orc priest calls down the wrath of Beogh upon you.
Something smites you!
You die...
Yredelemnul claims you as an undead slave. o

..# # #.#.# #.#.#
#...## #.#.###
#.@...## #.##....#
#.##....## .. ..
#......## ... ##
##....#..##
....######...O.....#
...................##
..............##....#
........K.....###..##


You could see Erolcha and an orc priest.

Vanquished Creatures
  A two-headed ogre (D:8)
  A hippogriff (D:8)
  3 ice beasts
  A black bear (D:6)
  A phantom (D:6)
  2 ogres
  Duvessa (D:4)
  2 centaurs
  A big kobold (D:9)
  2 giant frogs
  4 killer bees
  2 scorpions (D:8)
  A hippogriff zombie (D:8)
  Dowan (D:4)
  A giant frog zombie (D:7)
  A goliath beetle (D:9)
  A crimson imp (D:5)
  4 hounds
  A quasit (D:7)
  A gnoll shaman (D:6)
  An orc wizard (D:4)
  2 worker ants
  An orange rat (D:7)
  Ijyb (D:2)
  Jessica (D:7)
  An ogre zombie (D:5)
  A mummy (D:9)
  8 gnolls
  6 adders
  4 green rats (D:7)
  4 shadow imps
  3 worms
  A giant mite (D:5)
  4 giant geckos
  An ooze (D:7)
  19 orcs
  5 giant cockroaches
  10 hobgoblins
  14 jackals
  16 kobolds
  4 quokkas
  7 bats
  A giant cockroach zombie (D:5)
  A giant gecko zombie (D:7)
  6 giant newts
  10 goblins
  A kobold skeleton (D:6)
  A kobold zombie (D:5)
  A quokka skeleton (D:6)
  18 rats
  A ballistomycete (D:8)
186 creatures vanquished.

Vanquished Creatures (collateral kills)
  A phantom (D:5)
  A giant frog (D:6)
  A hound (D:5)
  A yellow wasp zombie (D:8)
  3 gnolls (D:5)
  An adder (D:5)
  A giant mite (D:5)
  2 orcs
  A jackal (D:5)
  2 rats (D:7)
14 creatures vanquished.

Vanquished Creatures (others)
  A hound zombie (D:7)
  A hound skeleton (D:5)
  A worker ant zombie (D:5)
  A goliath beetle zombie (D:9)
  2 adder zombies
  A gnoll zombie (D:6)
  A giant spore (D:8)
  A gnoll skeleton (D:5)
  A jackal skeleton (D:5)
  2 jackal zombies (D:5)
  4 kobold zombies (D:9)
  2 orc skeletons
  An orc zombie (D:6)
  A rat skeleton (D:8)
  A rat zombie (D:7)
21 creatures vanquished.

Grand Total: 221 creatures vanquished

Notes
Turn   | Place    | Note
--------------------------------------------------------------
     0 | D:1      | PolkaDot, the Vampire Death Knight, began the quest for the Orb.
     0 | D:1      | Reached XP level 1. HP: 16/16 MP: 1/1
   353 | D:1      | Reached XP level 2. HP: 9/22 MP: 2/2
   452 | D:1      | Reached skill level 3 in Long Blades
   629 | D:1      | Acquired Yredelemnul's second power
  1109 | D:2      | Reached XP level 3. HP: 23/27 MP: 4/4
  1419 | D:2      | Noticed Ijyb
  1438 | D:2      | Killed Ijyb
  1438 | D:2      | Reached skill level 4 in Long Blades
  1680 | D:3      | Reached XP level 4. HP: 24/33 MP: 5/5
  2205 | D:3      | Reached skill level 5 in Long Blades
  2631 | D:4      | Noticed Dowan
  2632 | D:4      | Noticed Duvessa
  2668 | D:4      | Killed Duvessa
  2668 | D:4      | Reached XP level 5. HP: 35/38 MP: 6/6
  2787 | D:4      | Killed Dowan
  2787 | D:4      | Reached skill level 6 in Long Blades
  2894 | D:4      | Found a staircase to the Ecumenical Temple.
  2919 | D:4      | Acquired Yredelemnul's third power
  3015 | D:4      | Reached XP level 6. HP: 35/44 MP: 8/8
  3059 | D:4      | Noticed Edmund
  3276 | D:4      | Noticed an ogre
  3474 | D:5      | Entered Level 5 of the Dungeon
  3634 | D:5      | Reached skill level 7 in Long Blades
  4035 | D:5      | Reached XP level 7. HP: 34/49 MP: 9/9
  4302 | D:5      | Reached skill level 8 in Long Blades
  5045 | D:6      | Reached skill level 9 in Long Blades
  5520 | D:4      | Killed an ogre
  5900 | D:6      | Found a bloodstained altar of Trog.
  5950 | D:6      | Reached XP level 8. HP: 30/55 MP: 10/10
  5987 | D:6      | Found a snail-covered altar of Cheibriados.
  5995 | D:6      | Found an iron altar of Okawaru.
  6229 | D:6      | Acquired Yredelemnul's fourth power
  6535 | D:7      | Reached skill level 10 in Long Blades
  6976 | D:7      | Noticed Jessica
  6991 | D:7      | Killed Jessica
  7000 | D:7      | Found a deep blue altar of Sif Muna.
  7659 | D:8      | Reached skill level 5 in Dodging
  7834 | D:9      | Noticed Erolcha
  8761 | D:8      | Reached XP level 9. HP: 31/61 MP: 12/12
  9250 | D:8      | Noticed a two-headed ogre
  9261 | D:8      | Killed a two-headed ogre
  9428 | D:9      | Received a gift from Yredelemnul
  9585 | D:9      | Found a radiant altar of Vehumet.
  9598 | D:9      | Killed from afar by an orc priest

Action                   |  1- 3 |  4- 6 |  7- 9 || total
-------------------------+-------+-------+-------++-------
Melee: Falchion          |   121 |   217 |   592 ||   930
Invok: Animate Dead      |       |     1 |    26 ||    27
       Recall Undead Sla |       |       |     1 ||     1
 Abil: End Transformatio |       |       |     1 ||     1
       Bat Form          |       |       |     1 ||     1
Evoke: Wand              |       |       |     6 ||     6
  Use: Potion            |     2 |     4 |    10 ||    16
       Scroll            |     5 |     1 |    14 ||    20
 Stab: Distracted        |       |     2 |     6 ||     8
       Fleeing           |       |       |     1 ||     1
